 Dungeon Crawl Stone Soup version 0.16-a0-715-g16937c4 (webtiles) character file.

2137 PolkaDot the Martial Artist (level 9, -4/74 HPs)
             Began as a Mottled Draconian Monk on Sept 20, 2014.
             Was a Priest of Vehumet.
             Killed from afar by Erolcha (19 damage)
             ... with a bolt of lightning
             ... on Level 8 of the Dungeon.
             The game lasted 00:47:57 (9898 turns).

PolkaDot the Martial Artist (DrMo)                  Turns: 9898, Time: 00:47:57

HP  -4/74        AC  8     Str 14      XL: 9   Next:  9%
MP  14/14        EV 13     Int 12      God: Vehumet [***...]
Gold 411         SH  0     Dex 16      Spells:  3 memorised,  1 level left

rFire  . . .     SeeInvis +     e - -1 rod of destruction (12/12)
rCold  . . .     Clarity  .     (armour unavailable)
rNeg   . . .     rCorr    .     (no shield)
rPois  .         rRot     .     (helmet restricted)
rElec  .         Spirit   .     (no cloak)
SustAb .         Warding  .     (no gloves)
rMut   .         Stasis   .     w - +0 pair of boots
Gourm  .                        a - amulet of rage
MR     .....                    H - ring of see invisible
                                D - +1 ring of dexterity

@: not resistant to hostile enchantments, unstealthy
A: breathe sticky flames, unfitting armour, cold-blooded, AC +7
a: Breathe Sticky Flame, Renounce Religion, Evoke Berserk Rage


You were on level 8 of the Dungeon.
You worshipped Vehumet.
Vehumet was most pleased with you.
You were not hungry.

You visited 1 branch of the dungeon, and saw 8 of its levels.

You collected 411 gold pieces.

Inventory:

Hand weapons
 A - the cursed +6 whip "Kliecromi" {vamp, Str-1, unknown}
   (You found it on level 7 of the Dungeon)

   It inflicts no extra harm, but heals its wielder somewhat when it strikes a
   living foe.
   It affects your strength (-1).
   It has a curse placed upon it.
Armour
 k - a +2 buckler
 w - a +0 pair of boots (worn)
 z - a +0 cloak
Comestibles
 b - 7 bread rations
 d - 6 meat rations
 i - 2 beef jerkies
 C - a royal jelly
 L - a rotting chunk of rat flesh
Scrolls
 f - a scroll of enchant weapon {unknown}
 m - a scroll of blinking
 n - 2 scrolls of enchant armour {unknown}
 o - 4 scrolls of remove curse
 p - a scroll of fog {unknown}
 r - a scroll of recharging {unknown}
 u - a scroll of immolation {unknown}
 x - a scroll of fear {unknown}
 y - 2 scrolls of random uselessness {unknown}
 F - a scroll of acquirement {unknown}
 G - a scroll of holy word {unknown}
 J - a scroll of magic mapping {unknown}
Jewellery
 a - an amulet of rage (around neck)
 v - an uncursed amulet of resist mutation
 D - a +1 ring of dexterity (left hand)
 H - a ring of see invisible (right hand)
 I - an uncursed ring of ice
Potions
 g - a potion of cancellation
 h - 2 potions of magic {unknown}
 j - a potion of mutation {!q}
 l - a potion of restore abilities
 q - a potion of confusion {unknown}
 s - a potion of curing
 E - a potion of invisibility {unknown}
Books
 B - a book of the Tempests

   Spells                             Type                      Level
   Static Discharge                   Conjuration/Air              3
   *Lightning Bolt                    Conjuration/Air              5
   Fireball                           Conjuration/Fire             5
   Tornado                            Air                          9
   Shatter                            Earth                        9
Rods
 e - a -1 rod of destruction (12/12) (weapon)
   (You found it on level 3 of the Dungeon)


   Skills:
 - Level 5.5 Fighting
 - Level 2.9 Dodging
 - Level 1.7 Stealth
 * Level 9.7 Unarmed Combat
 + Level 2.8 Conjurations
 - Level 2.1 Hexes
 - Level 2.6 Transmutations
 + Level 2.8 Air Magic
 - Level 3.5 Evocations


You had one spell level left.
You knew the following spells:

 Your Spells              Type           Power        Failure   Level  Hunger
a - Corona                Hex            #......      14%         1    ##.....
b - Lightning Bolt        Conj/Air       #.........   86%         5    ######.
z - Beastly Appendage     Trmt           #.....       12%         1    ##.....


Dungeon Overview and Level Annotations

Branches:
Dungeon (8/15)             Temple (0/1) D:7            Lair (0/8) D:8

Altars:
Ru
Sif Muna
Vehumet

Annotations:
D:8 Erolcha


Innate Abilities, Weirdness & Mutations

You can spit globs of burning liquid.
You can ignite nearby creatures when you spit burning liquid.
Your weird mottled scales are hard (AC +7).
Your body does not fit into most forms of armour.
Your cold-blooded metabolism reacts poorly to cold.


Message History

Eat a chunk of bat flesh? (ye/n/q/i?) This raw flesh tastes terrible.
You continue eating. x2
You start resting.
Your magical contamination has completely faded away.
You hear a distant slurping noise.
You smell something rotten. (slot L)
You start resting.
Erolcha the Cunning comes into view.
She is wielding a giant spiked club.
Okay, then.
Drink which item? (? for menu, Esc to quit)
Okay, then.
You start resting.
Wield which item (- for none, * to show all)? (? for menu, Esc to quit)
e - a -1 rod of destruction (12/12) (weapon)
Erolcha gestures at you while chanting. The bolt of lightning hits you!
* * * LOW HITPOINT WARNING * * *
The bolt of lightning hits you!
You die...

##.O ##..#
.O.# ..#
#.#
#######.##
#........##
.####..##.#
#.# #@# ##
###


You could see Erolcha.

Vanquished Creatures
  The ghost of SnowFan the Conjurer, an average DECj (D:3)
  An orc warrior (D:6)
  An ice beast (D:3)
  3 sky beasts
  2 phantoms
  An ogre (D:6)
  A centaur (D:8)
  Sigmund (D:2)
  A scorpion (D:4)
  A troll zombie (D:7)
  A hippogriff zombie (D:7)
  A goliath beetle (D:5)
  3 crimson imps
  4 hounds
  A two-headed ogre zombie (D:7)
  A centaur skeleton (D:4)
  An orc priest (D:4)
  5 orc wizards
  3 worker ants
  A big kobold skeleton (D:5)
  A mummy (D:8)
  4 gnolls (D:2)
  A worker ant zombie (D:5)
  12 adders
  2 giant mites (D:2)
  4 worms
  3 adder skeletons
  5 giant geckos
  An ooze (D:3)
  39 orcs
  12 bats
  7 goblins
  19 hobgoblins
  11 jackals
  4 quokkas
  2 ball pythons
  7 giant cockroaches
  8 giant newts
  A hobgoblin zombie (D:5)
  A jackal zombie (D:5)
  16 kobolds
  13 rats
  A fungus (D:8)
208 creatures vanquished.

Notes
Turn   | Place    | Note
--------------------------------------------------------------
     0 | D:1      | PolkaDot, the Draconian Monk, began the quest for the Orb.
     0 | D:1      | Reached XP level 1. HP: 19/19 MP: 1/1
   233 | D:1      | Reached XP level 2. HP: 16/26 MP: 2/2
  1200 | D:2      | Reached skill level 1 in Evocations
  1236 | D:2      | Reached XP level 3. HP: 22/31 MP: 3/3
  1355 | D:2      | Noticed Sigmund
  1554 | D:2      | Reached XP level 4. HP: 18/40 MP: 4/4
  1972 | D:2      | Reached skill level 5 in Unarmed Combat
  2705 | D:2      | Killed Sigmund
  2705 | D:2      | Reached XP level 5. HP: 22/47 MP: 4/6
  3191 | D:3      | Identified a -1 rod of destruction (12/12) (You found it on level 3 of the Dungeon)
  3256 | D:3      | Noticed SnowFan's ghost (average DECj)
  3631 | D:3      | Noticed an ice beast
  4129 | D:3      | Killed SnowFan's ghost
  4129 | D:3      | Reached skill level 5 in Fighting
  4129 | D:3      | Reached skill level 6 in Unarmed Combat
  4129 | D:3      | Reached XP level 6. HP: 39/56 MP: 6/8
  4683 | D:3      | Killed an ice beast
  4683 | D:3      | Your scales start taking on a weird mottled pattern.
  4683 | D:3      | Reached XP level 7. HP: 61/61 MP: 8/10
  4846 | D:4      | Reached skill level 7 in Unarmed Combat
  5188 | D:4      | Identified A Beginning Course on Spellweaving
  5191 | D:4      | Learned a level 1 spell: Beastly Appendage
  5193 | D:4      | Learned a level 1 spell: Corona
  5415 | D:4      | Got a jewelled spear
  5416 | D:4      | Identified the +3 spear of Sudden Death {holy, Str+2 Int+2} (You found it on level 4 of the Dungeon)
  5843 | D:4      | Reached skill level 1 in Transmutations
  6079 | D:5      | Entered Level 5 of the Dungeon
  6188 | D:5      | Reached skill level 1 in Hexes
  6281 | D:5      | Found a radiant altar of Vehumet.
  6483 | D:5      | Found a deep blue altar of Sif Muna.
  6550 | D:5      | Reached XP level 8. HP: 67/69 MP: 12/12
  6867 | D:5      | Reached skill level 8 in Unarmed Combat
  7379 | D:5      | Became a worshipper of Vehumet
  7379 | D:5      | Acquired Vehumet's first power
  7379 | D:5      | Offered knowledge of Shock by Vehumet.
  7386 | D:5      | Learned a level 5 spell: Lightning Bolt
  7502 | D:6      | Offered knowledge of Throw Flame by Vehumet.
  7586 | D:6      | Reached skill level 1 in Air Magic
  7657 | D:6      | Reached skill level 1 in Conjurations
  8207 | D:6      | Reached skill level 9 in Unarmed Combat
  8372 | D:7      | Offered knowledge of Dazzling Spray by Vehumet.
  8644 | D:7      | Found a sacrificial altar of Ru.
  8711 | D:7      | Found a staircase to the Ecumenical Temple.
  8803 | D:7      | Reached XP level 9. HP: 49/74 MP: 11/14
  8878 | D:7      | Got an encrusted whip
  9552 | D:8      | Found a staircase to the Lair.
  9710 | D:8      | Acquired Vehumet's second power
  9886 | D:8      | Noticed Erolcha
  9898 | D:8      | Killed from afar by Erolcha

Action                   |  1- 3 |  4- 6 |  7- 9 || total
-------------------------+-------+-------+-------++-------
Melee: Unarmed           |   117 |   198 |   411 ||   726
 Cast: Beastly Appendage |       |       |    22 ||    22
       Corona            |       |       |    16 ||    16
 Abil: Evoke Berserk Rag |       |     3 |       ||     3
       Breathe Sticky Fl |       |       |    29 ||    29
Evoke: Wand              |       |     6 |       ||     6
  Use: Scroll            |     2 |     2 |     9 ||    13
       Potion            |     1 |     2 |     3 ||     6
 Stab: Sleeping          |     3 |       |     4 ||     7
  Eat: Chunk             |     2 |    11 |    24 ||    37
       Pizza             |       |       |     1 ||     1
